 Dungeon Crawl Stone Soup version 0.29.1 (webtiles) character file.

Game seed: 5837573844491270868

23 Hubris850 the Chiller (level 2, 0/15 HPs)
             Began as a Gargoyle Ice Elementalist on Sept 13, 2022.
             Slain by a quokka (3 damage)
             ... on level 1 of the Dungeon.
             The game lasted 00:02:25 (987 turns).

Hubris850 the Chiller (Gargoyle Ice Elementalist)    Turns: 987, Time: 00:02:26

Health: 0/15       AC:  5    Str: 11    XL:     2   Next: 95%
Magic:  3/5        EV: 12    Int: 15    God:
Gold:   29         SH:  0    Dex: 10    Spells: 4/5 levels left

rFire   . . .      SeeInvis .   e - +0 club
rCold   . . .      Faith    .   (no shield)
rNeg    + . .      Spirit   .   a - +0 robe
rPois   ∞          Reflect  .   (no helmet)
rElec   +          Harm     .   (no cloak)
rCorr   .          Rampage  .   (no gloves)
Will    .....                   f - +0 pair of boots
Stlth   ++........              (no amulet)
HPRegen 0.05/turn               (no ring)
MPRegen 0.09/turn               (no ring)

@: no status effects
A: sickness immunity, AC +2, negative energy resistance 1, electricity
resistance, torment resistance 1, petrification resistance
a: no special abilities


You were on level 1 of the Dungeon.
You visited 1 branch of the dungeon, and saw 1 of its levels.

You collected 29 gold pieces.

Inventory:

Hand Weapons
 e - a +0 club (weapon)
Missiles
 d - 5 stones
Armour
 a - a +0 robe (worn)
 f - a +0 pair of boots (worn)
Scrolls
 c - 3 scrolls of identify {unknown}
 g - a scroll of fog {unknown}
 i - 3 scrolls of torment {unknown}
Potions
 b - a potion of magic
 h - 3 potions of curing {unknown}
 j - a potion of heal wounds {unknown}


   Skills:
 + Level 0.6 Maces & Flails
 + Level 1.8 Dodging
 + Level 2.6 Stealth
 + Level 2.2 Spellcasting
 + Level 4.2 Ice Magic


You had 4 spell levels left.
You knew the following spells:

 Your Spells              Type           Power      Damage    Failure   Level
a - Freeze                Ice            56%        1d7       3%          1

Your spell library contained the following spells:

 Spells                   Type           Power      Damage    Failure   Level
 Frozen Ramparts          Ice            28%        1d5       12%         3
 Ozocubu's Armour         Ice            14%        N/A       12%         3
 Hailstorm                Conj/Ice       7%         3d4       67%         4


Dungeon Overview and Level Annotations

Branches:
Dungeon (1/15)

Altars:


Innate Abilities, Weirdness & Mutations

You are immune to sickness and miasma.
Your stone body is resilient. (AC +2)
You are immune to poison.
You resist negative energy. (rN+)
You are resistant to electric shocks. (rElec)
You are resistant to unholy torment.
You are immune to petrification.


Message History

Casting: Freeze (safe; 3% risk of failure)
Confirm with . or Enter, or press ? or * to list all spells.
Aiming: Freeze (safe; 3% risk of failure)
Press: ? - help, Shift-Dir - straight line, f - quokka
Aim: a quokka You freeze the quokka.
The quokka is almost dead.
The quokka bites you but does no damage.
Casting: Freeze (safe; 3% risk of failure)
Confirm with . or Enter, or press ? or * to list all spells.
Aiming: Freeze (safe; 3% risk of failure)
Press: ? - help, Shift-Dir - straight line, f/p - quokka
Aim: a quokka (almost dead)
You freeze the quokka.
You kill the quokka!
Casting: Freeze (safe; 3% risk of failure)
Confirm with . or Enter, or press ? or * to list all spells.
Okay, then.
You hit the endoplasm but do no damage.
The endoplasm is lightly wounded.
The endoplasm barely misses you.
You hit the endoplasm but do no damage.
The endoplasm is lightly wounded.
The endoplasm completely misses you.
The quokka twitches its whiskers.
The endoplasm barely misses you.
You hit the endoplasm but do no damage.
The endoplasm is lightly wounded.
The endoplasm hits you but does no damage.
The quokka misses you.
You hit the endoplasm.
The endoplasm is severely wounded.
The quokka bites you.
* * * LOW HITPOINT WARNING * * *
The frilled lizard unfolds its giant frill.
The endoplasm closely misses you.
You completely miss the endoplasm.
The endoplasm is severely wounded.
The quokka misses you. The endoplasm barely misses you. The quokka bites you.
You die...

#.....# #
##.....## ..
#.......# ...
#....$..# ....
#.......#
.....##...>..##...
....>....K.......>
.....##.#####..###
###).
.......KgJ@rl.....
.....
.....##.######.###
#.... #### #..#
#.... #.## .#
#..##... ##†# #.#
..#.... #..# ##.
#.#.... ####.##
#...####......
#....##
#.#.÷..##..###
##....##
#.####)#..####


You could see an endoplasm, a quokka, a hobgoblin, a kobold and a frilled
lizard.

Vanquished Creatures
  2 dart slugs (D:1)
  3 endoplasms (D:1)
  A hobgoblin (D:1)
  4 jackals (D:1)
  A quokka (D:1)
  2 bats (D:1)
  2 goblins (D:1)
  A kobold (D:1)
16 creatures vanquished.

Notes
Turn   | Place    | Note
-------+----------+-------------------------------------------
     0 | D:1      | Hubris850 the Gargoyle Ice Elementalist began the quest for
                  | the Orb.
     0 | D:1      | Reached XP level 1. HP: 10/10 MP: 3/3
   137 | D:1      | Reached XP level 2. HP: 6/15 MP: 5/5
   987 | D:1      | Slain by a quokka

Illustrated notes

Levels and vault maps discovered:
D:1:      lordsloth_arrival_two_stooges, layout_rooms, basic_ecumenical_altar

Action                   || total
-------------------------++-------
Melee: Club              ||    65
       Unarmed           ||     5
 Cast: Freeze            ||     8
 Stab: Sleeping          ||     1
Armor: Robe              ||    35
Dodge: Dodged            ||    66
